[Event "Titled Tuesday Blitz May 4 2021"]
[White "Efremov, Vladislav"]
[Black "Cella, Glaucio Dalla Cortt"]
[WhiteFideId "44159935"]
[BlackFideId "2119455"]
[WhiteElo "2022"]
[BlackElo "2011"]
[Result "1-0"]
[Round "06"]
[TimeControl "180+1"]
[Date "2021.05.04"]
[WhiteClock "0:01:44"]
[BlackClock "0:02:18"]

1. d4 Nf6 2. c4 e6 3. Nf3 Bb4+ 4. Bd2 Bxd2+ 5. Qxd2 O-O 6. Nc3 c6 7. e4 d5 8. e5 Ne4 9. Qe3 Qa5 10. Nd2 f5 11. exf6 Nxf6 12. Bd3 Ng4 13. Qh3 Nxf2 14. Qxh7+ Kf7 15. Bg6+ 1-0


[Site "https://www.chess.com"]

[Event "Titled Tuesday Blitz May 4 2021"]
[White "Erden, Kadir"]
[Black "Gombocz, Ferenc Jr."]
[WhiteFideId "6305776"]
[BlackFideId "775029"]
[WhiteElo "2218"]
[BlackElo "1913"]
[Result "1-0"]
[Round "06"]
[TimeControl "180+1"]
[Date "2021.05.04"]
[WhiteClock "0:01:10"]
[BlackClock "0:00:10"]

1. d4 d5 2. Bf4 Nf6 3. e3 c5 4. Nc3 a6 5. Nge2 Nc6 6. f3 Qb6 7. Na4 Qa5+ 8. c3 cxd4 9. exd4 e6 10. b4 Qd8 11. Nc1 Nh5 12. Be3 Bd6 13. g3 O-O 14. Nd3 e5 15. dxe5 Nxe5 16. Nxe5 Bxe5 17. Bd4 Nxg3 18. hxg3 Bxg3+ 19. Kd2 Re8 20. Bd3 Bf5 21. Kc2 Bxd3+ 22. Qxd3 Qg5 23. Qxh7+ Kf8 24. Bc5+ 1-0


[Site "https://www.chess.com"]

[Event "Titled Tuesday Blitz May 4 2021"]
[White "Erdogdu, Mert"]
[Black "Morris-Suzuki, Sophie"]
[WhiteFideId "6301495"]
[BlackFideId "30922615"]
[WhiteElo "2485"]
[BlackElo "2393"]
[Result "1-0"]
[Round "06"]
[TimeControl "180+1"]
[Date "2021.05.04"]
[WhiteClock "0:01:11"]
[BlackClock "0:01:34"]

1. e4 c5 2. Nf3 e6 3. d4 cxd4 4. Nxd4 Nc6 5. Nc3 Qc7 6. Be3 Nf6 7. f4 Bb4 8. Nb5 Qb8 9. a3 Bxc3+ 10. Nxc3 d5 11. e5 Nd7 12. Bf2 a6 13. Bd3 b5 14. O-O Bb7 15. Qg4 O-O 16. Nxd5 Ndxe5 17. Nf6+ Kh8 18. fxe5 gxf6 19. Bxh7 Kxh7 20. exf6 Rg8 21. Qh5# 1-0


[Site "https://www.chess.com"]

[Event "Titled Tuesday Blitz May 4 2021"]
[White "Eswaran, Ashritha"]
[Black "Priyanka, K"]
[WhiteFideId "2080788"]
[BlackFideId "5082986"]
[WhiteElo "2370"]
[BlackElo "1893"]
[Result "0-1"]
[Round "06"]
[TimeControl "180+1"]
[Date "2021.05.04"]
[WhiteClock "0:00:59"]
[BlackClock "0:00:44"]

1. e4 c5 2. Nf3 d6 3. d4 cxd4 4. Nxd4 Nf6 5. Nc3 a6 6. Be3 e5 7. Nf3 Be7 8. Bc4 O-O 9. O-O Be6 10. Bb3 Nc6 11. Re1 h6 12. Nh4 Bxb3 13. cxb3 Nxe4 14. Nf5 Nxc3 15. Qg4 Bg5 16. bxc3 Qf6 17. h4 Bxe3 18. Rxe3 Ne7 19. Ng3 Qe6 20. Qe2 f5 21. Rd3 d5 22. Rad1 f4 23. Nf1 e4 24. Rd4 f3 25. Qe3 fxg2 26. Ng3 Rf3 27. Qe2 Qh3 28. c4 Rxg3 29. fxg3 Qh1+ 30. Kf2 Rf8+ 31. Ke3 Nf5+ 32. Kd2 Nxd4 33. Qe3 Rf1 0-1


[Site "https://www.chess.com"]

[Event "Titled Tuesday Blitz May 4 2021"]
[White "Eynullayev, Altay"]
[Black "Rostovtsev, Dmitry"]
[WhiteFideId "13413562"]
[BlackFideId "34278320"]
[WhiteElo "2079"]
[BlackElo "2197"]
[Result "1-0"]
[Round "06"]
[TimeControl "180+1"]
[Date "2021.05.04"]
[WhiteClock "0:00:13"]
[BlackClock "0:00:08"]

1. e4 c5 2. Nf3 d6 3. d4 cxd4 4. Nxd4 Nf6 5. Nc3 Nc6 6. Bg5 e6 7. Bb5 Bd7 8. Qd3 Be7 9. O-O-O O-O 10. Bxc6 bxc6 11. Nb3 e5 12. f4 h6 13. fxe5 hxg5 14. exd6 Bg4 15. dxe7 Qxe7 16. Rde1 a5 17. e5 Nd5 18. Nd4 Nb4 19. Qe4 Be6 20. a3 Na6 21. h4 g4 22. h5 Nc5 23. Qf4 Rfc8 24. h6 g6 25. Nxe6 Nxe6 26. Qxg4 Rab8 27. h7+ Kh8 28. Qf3 Nd4 29. Qf6+ Qxf6 30. exf6 Ne6 31. Ne4 Rd8 32. Rd1 a4 33. Rd6 Rbc8 34. Rhd1 Rxd6 35. Rxd6 Kxh7 36. Rd7 Rf8 37. Nd6 Ng5 38. b3 axb3 39. cxb3 Kh6 40. a4 Rb8 41. Kc2 Kh5 42. a5 Ra8 43. b4 c5 44. Kb3 cxb4 45. Kxb4 Ne6 46. Nxf7 Nd4 47. Rxd4 g5 48. Rd5 Kg6 49. Nxg5 Kxf6 50. Ne4+ Ke6 51. Rb5 Ke7 52. Nc5 Kd6 53. a6 Kd5 54. Ka5 Kc6 55. Na4 Kc7 56. Rb7+ Kc6 57. Nb6 Re8 58. Nc4 Re1 59. Rb6+ Kc7 60. Rb4 Ra1+ 61. Ra4 Re1 62. g4 Re4 63. g5 Rxc4 64. Rxc4+ Kd6 65. g6 Ke6 66. g7 Kf5 67. g8=Q Ke5 68. Qg5+ Kd6 69. Rd4+ Kc6 70. Qd5+ Kc7 71. Qd7+ Kb8 72. Qb7# 1-0


[Site "https://www.chess.com"]

[Event "Titled Tuesday Blitz May 4 2021"]
[White "Eynullayev, Atilla"]
[Black "Hasangatin, Ramil"]
[WhiteFideId "13413570"]
[BlackFideId "4122160"]
[WhiteElo "1997"]
[BlackElo "2430"]
[Result "1-0"]
[Round "06"]
[TimeControl "180+1"]
[Date "2021.05.04"]
[WhiteClock "0:00:31"]
[BlackClock "0:01:04"]

1. e4 d5 2. exd5 Qxd5 3. Nc3 Qd6 4. d4 Nf6 5. Nf3 c6 6. h3 Bf5 7. Bc4 Nbd7 8. O-O e6 9. Ne2 Qc7 10. Bf4 Bd6 11. Bxd6 Qxd6 12. c3 O-O 13. Ng3 Bg6 14. Re1 Rad8 15. Qe2 Qc7 16. Rad1 Nd5 17. Bb3 b5 18. c4 bxc4 19. Qxc4 N7b6 20. Qe2 Nd7 21. Nh4 Rc8 22. Nxg6 hxg6 23. Rc1 Qb6 24. Red1 N7f6 25. Nf1 Rfd8 26. Nh2 c5 27. Nf3 cxd4 28. Rxc8 Rxc8 29. Nxd4 Rd8 30. Qb5 Nf4 31. Qxb6 axb6 32. Kf1 e5 33. Nc6 Rxd1+ 34. Bxd1 e4 35. h4 Nd3 36. b4 Nd5 37. a3 Kf8 38. Bc2 Nc3 39. Bxd3 exd3 40. Ke1 Ke8 41. Kd2 Nb1+ 42. Kxd3 Nxa3 43. Nd4 b5 44. Ke4 Kd7 45. Kd5 Nb1 46. Nxb5 Nd2 47. Nd4 Nb1 48. Kc4 Nd2+ 49. Kd3 Nf1 50. Ke2 Nh2 51. f3 f6 52. Kf2 g5 53. hxg5 fxg5 54. Kg1 1-0


[Site "https://www.chess.com"]

[Event "Titled Tuesday Blitz May 4 2021"]
[White "Fajdetic, Hrvoje"]
[Black "Omariev, Maksim"]
[WhiteFideId "14501945"]
[BlackFideId "4193423"]
[WhiteElo "2153"]
[BlackElo "2403"]
[Result "0-1"]
[Round "06"]
[TimeControl "180+1"]
[Date "2021.05.04"]
[WhiteClock "0:00:08"]
[BlackClock "0:00:07"]

1. d4 h5 2. e4 h4 3. Nc3 d6 4. h3 Nc6 5. Bg5 f6 6. Be3 e5 7. Nf3 g5 8. Bc4 Nge7 9. d5 Nb8 10. Be2 Ng6 11. Nh2 Nf4 12. Bxf4 gxf4 13. Bh5+ Ke7 14. Bf3 Nd7 15. Qd2 Nb6 16. O-O-O a5 17. Ng4 a4 18. a3 Bd7 19. Kb1 Nc4 20. Qe1 b5 21. Na2 Bh6 22. Nxh6 Rxh6 23. Nb4 Qe8 24. g3 hxg3 25. fxg3 fxg3 26. Qxg3 Qg6 27. Qf2 Rah8 28. Bg4 Bxg4 29. Nc6+ Kd7 30. Rdg1 Rxh3 31. Rxh3 Rxh3 32. Qa7 Qxe4 33. Qb8 Qxd5 34. Na7 Nb6 35. Rxg4 Rh1+ 0-1


[Site "https://www.chess.com"]

[Event "Titled Tuesday Blitz May 4 2021"]
[White "Fernandez, Michael"]
[Black "Estrada Nieto, Julian"]
[WhiteFideId "5803560"]
[BlackFideId "5101018"]
[WhiteElo "2110"]
[BlackElo "2270"]
[Result "0-1"]
[Round "06"]
[TimeControl "180+1"]
[Date "2021.05.04"]
[WhiteClock "0:01:33"]
[BlackClock "0:01:17"]

1. c4 e5 2. g3 Nf6 3. Bg2 d5 4. cxd5 Nxd5 5. Nc3 Nxc3 6. dxc3 Qxd1+ 7. Kxd1 Nc6 8. Kc2 Bd7 9. Bd2 O-O-O 10. Rd1 Bc5 11. f4 Rhe8 12. e4 Bg4 13. Re1 f6 14. h3 Bh5 15. g4 Bf7 16. Nf3 a5 17. b3 Rd7 18. f5 Red8 19. Bc1 a4 20. Rd1 axb3+ 0-1


[Site "https://www.chess.com"]

[Event "Titled Tuesday Blitz May 4 2021"]
[White "Foerster-Yialamas, Lucas"]
[Black "Berezin, Viktor"]
[WhiteFideId "30901774"]
[BlackFideId "14107872"]
[WhiteElo "1744"]
[BlackElo "2310"]
[Result "1-0"]
[Round "06"]
[TimeControl "180+1"]
[Date "2021.05.04"]
[WhiteClock "0:01:31"]
[BlackClock "0:00:41"]

1. e4 d5 2. exd5 Nf6 3. Bb5+ Nbd7 4. d4 g6 5. c4 Bg7 6. Nc3 O-O 7. Nge2 a6 8. Ba4 Rb8 9. Bb3 b5 10. c5 a5 11. a3 b4 12. Na4 bxa3 13. Rxa3 Ba6 14. O-O Rb4 15. Re1 Qb8 16. Bd2 Bxe2 17. Rxe2 Rxd4 18. c6 Nc5 19. Nxc5 Nxd5 20. Nd7 Qb5 21. Nxf8 Nf4 22. Rxe7 Qg5 23. g3 Qxe7 24. gxf4 Bxf8 25. Rxa5 Qd8 26. Bxf7+ Kxf7 27. Qb3+ Ke7 28. Re5+ Kf6 29. Qe6+ Kg7 30. Bc3 Rd1+ 31. Re1+ Kh6 32. Qh3+ Qh4 33. Qxh4# 1-0


[Site "https://www.chess.com"]

[Event "Titled Tuesday Blitz May 4 2021"]
[White "Gaboyan, Susanna"]
[Black "Pajeken, Jakob Leon"]
[WhiteFideId "13303627"]
[BlackFideId "12942839"]
[WhiteElo "2135"]
[BlackElo "2024"]
[Result "1-0"]
[Round "06"]
[TimeControl "180+1"]
[Date "2021.05.04"]
[WhiteClock "0:00:37"]
[BlackClock "0:01:15"]

1. Nf3 d5 2. g3 Nf6 3. Bg2 Nbd7 4. O-O e5 5. d3 c6 6. Nbd2 Bd6 7. e4 O-O 8. Qe2 h6 9. Nh4 Nc5 10. Nf5 Bxf5 11. exf5 Qd7 12. g4 a5 13. Nf3 Rfe8 14. Nh4 Bc7 15. g5 hxg5 16. Bxg5 Qd6 17. f4 exf4 18. Qf3 Na4 19. Bxf4 Qe5 20. Bxe5 Rxe5 21. Rae1 Rae8 22. Rxe5 Rxe5 23. b3 Nc3 24. Kh1 Ne2 25. Re1 Nd4 26. Qf2 Ng4 27. Qd2 Rxe1+ 28. Qxe1 Nxc2 29. Qe8+ Kh7 30. Bf3 Ne5 31. Bh5 Kh6 32. Bxf7 Kg5 33. Ng6 Nf3 34. Qe7+ Kg4 35. Qxc7 Nce1 36. Qf4+ Kh5 37. Ne5+ g6 38. Bxg6# 1-0


[Site "https://www.chess.com"]

[Event "Titled Tuesday Blitz May 4 2021"]
[White "Gabrielian, Artur"]
[Black "Williams, Simon K"]
[WhiteFideId "4131002"]
[BlackFideId "404454"]
[WhiteElo "2539"]
[BlackElo "2468"]
[Result "0-1"]
[Round "06"]
[TimeControl "180+1"]
[Date "2021.05.04"]
[WhiteClock "0:00:02"]
[BlackClock "0:00:04"]

1. e4 c5 2. Nf3 d6 3. d4 cxd4 4. Nxd4 Nf6 5. Nc3 g6 6. Be3 Bg7 7. f3 Nc6 8. Qd2 Bd7 9. Bc4 O-O 10. Bb3 Ne5 11. h4 h5 12. O-O-O b5 13. g4 a5 14. gxh5 Nxh5 15. Bh6 e6 16. Bxg7 Kxg7 17. f4 a4 18. Bxe6 fxe6 19. fxe5 dxe5 20. Ndxb5 Bxb5 21. Nxb5 Qb6 22. c4 Rac8 23. Qc3 Rc5 24. Rd7+ Kg8 25. Kb1 Nf4 26. Rhd1 Qc6 27. Qe3 Rxc4 28. Na7 Qxe4+ 29. Qxe4 Rxe4 30. Nc6 Re2 31. Ne7+ Kg7 32. Nf5+ Kf6 33. Nh6 e4 34. Ng4+ Kf5 35. Nh6+ Ke5 36. Ra7 Nd3 37. Ra5+ Kd4 38. Rxa4+ Ke3 39. Ra3 Kf3 40. Rb3 Rf2 41. h5 gxh5 42. Rh1 Rf6 43. Rxh5 Rg6 44. a4 Rg1+ 45. Ka2 Ke2 46. Rc3 Rff1 47. Kb3 Ra1 48. Rh2+ Kf3 0-1


[Site "https://www.chess.com"]

[Event "Titled Tuesday Blitz May 4 2021"]
[White "Gahan, M G"]
[Black "Bluebaum, Matthias"]
[WhiteFideId "5027373"]
[BlackFideId "24651516"]
[WhiteElo "2264"]
[BlackElo "2685"]
[Result "1-0"]
[Round "06"]
[TimeControl "180+1"]
[Date "2021.05.04"]
[WhiteClock "0:00:08"]
[BlackClock "0:00:02"]

1. e4 c6 2. d4 d5 3. exd5 cxd5 4. c4 Nf6 5. Nc3 Nc6 6. Nf3 a6 7. cxd5 Nxd5 8. Bc4 Be6 9. Qe2 Rc8 10. Bb3 Na5 11. Bxd5 Bxd5 12. Nxd5 Qxd5 13. Bd2 Nc6 14. Bc3 e6 15. O-O Be7 16. Ne5 O-O 17. Qf3 Qxf3 18. Nxf3 Rfd8 19. Rfd1 Nb4 20. Bxb4 Bxb4 21. Rac1 Rxc1 22. Rxc1 Ba5 23. Kf1 Kf8 24. Ke2 Ke7 25. Ke3 Bb6 26. Ke4 Rd5 27. Rc4 Rb5 28. b3 f6 29. Ne1 Kd7 30. Nc2 Rh5 31. h3 Rh4+ 32. Kd3 Ba7 33. a4 b5 34. axb5 axb5 35. Rb4 Rh5 36. Ne3 Kc6 37. d5+ exd5 38. Rg4 g6 39. Rf4 f5 40. Nc2 Kd6 41. h4 Bb8 42. g3 Kc5 43. b4+ Kb6 44. Rf3 f4 45. Nd4 h6 46. gxf4 Rxh4 47. f5 Be5 48. Nc2 gxf5 49. Rxf5 Bd6 50. Rxd5 Kc6 51. Rd4 Rh3+ 52. Ke2 h5 53. Re4 Kd5 54. Re8 Rb3 55. Rh8 Rh3 56. Ne3+ Kc6 57. Rh6 Kd7 58. Nc2 Rh4 59. Kd3 Bf8 60. Rh7+ Ke6 61. Nd4+ Kf6 62. Nxb5 Bxb4 63. Nd4 Bc5 64. Nf3 Rf4 65. Ke2 Re4+ 66. Kf1 Kg6 67. Rh8 Rf4 68. Kg2 Rg4+ 69. Kf1 Rc4 70. Ne5+ Kg7 71. Rxh5 Rc2 72. Nd3 Kg6 73. Rxc5 Ra2 74. Rd5 Ra1+ 75. Ke2 Ra2+ 76. Ke3 Kf6 77. Nf4 Ra3+ 78. Rd3 Ra1 79. f3 Kf5 80. Ne2 Kf6 81. Rd4 Ke5 82. Re4+ Kf5 83. Nd4+ Kf6 84. Kf4 Ra5 85. Re6+ Kf7 86. Rd6 Ra4 87. Ke5 Ra5+ 88. Rd5 Ra6 89. f4 Rh6 90. Rd7+ Ke8 91. Rb7 Rh1 92. f5 Rh6 93. Ne6 Rh1 94. Kf6 Rh6+ 95. Kg5 Rh5+ 96. Kg4 Rh4+ 97. Kf3 Rh3+ 98. Ke4 Re3+ 99. Kd5 Re5+ 100. Kd6 Rd5+ 101. Kc6 Rd6+ 102. Kc7 Rd7+ 103. Kc8 Rd1 104. f6 Rc1+ 105. Rc7 Rf1 106. Re7# 1-0


[Site "https://www.chess.com"]

[Event "Titled Tuesday Blitz May 4 2021"]
[White "Gandhi, Shyam"]
[Black "Caputcuoglu, Zeki Berke"]
[WhiteFideId "2052008"]
[BlackFideId "34548610"]
[WhiteElo "1951"]
[BlackElo "1368"]
[Result "0-1"]
[Round "06"]
[TimeControl "180+1"]
[Date "2021.05.04"]
[WhiteClock "0:00:56"]
[BlackClock "0:01:48"]

1. c4 Nf6 2. Nc3 g6 3. e4 d6 4. d4 Bg7 5. Be2 O-O 6. Bg5 c5 7. d5 h6 8. Be3 e6 9. Qd2 exd5 10. exd5 Kh7 11. h3 Re8 12. Nf3 Bf5 13. Nh4 Ne4 14. Nxe4 Bxe4 15. Nf3 Nd7 16. O-O f5 17. Ne1 Qe7 18. Bd3 Bxd3 19. Nxd3 Qe4 20. Rac1 Ne5 21. Nxe5 Qxe5 22. Bf4 Qf6 23. b4 cxb4 24. Qxb4 Rad8 25. Qxb7 g5 26. Bd2 Re7 27. Qc6 f4 28. Bc3 Qf5 29. Bxg7 Rxg7 30. c5 g4 31. h4 g3 32. f3 Qf6 33. cxd6 Qxh4 34. Qc2+ Kh8 35. Rfe1 Qh2+ 36. Kf1 Qh1+ 37. Ke2 Qxg2+ 38. Kd1 Qxf3+ 39. Qe2 Qxd5+ 40. Qd2 Rxd6 41. Rc8+ Kh7 42. Qxd5 Rxd5+ 43. Ke2 Re5+ 44. Kf1 Rxe1+ 45. Kxe1 g2 0-1


[Site "https://www.chess.com"]

[Event "Titled Tuesday Blitz May 4 2021"]
[White "Garcia Blanco, Omar"]
[Black "Dudzinski, Pawel"]
[WhiteFideId "2287153"]
[BlackFideId "1117890"]
[WhiteElo "2273"]
[BlackElo "2193"]
[Result "0-1"]
[Round "06"]
[TimeControl "180+1"]
[Date "2021.05.04"]
[WhiteClock "0:00:53"]
[BlackClock "0:00:14"]

1. e4 c6 2. d4 d5 3. exd5 cxd5 4. c4 Nf6 5. Nc3 e6 6. Nf3 Bb4 7. cxd5 Nxd5 8. Qc2 Be7 9. a3 Nc6 10. Bd3 Bf6 11. Be3 Nxe3 12. fxe3 Bd7 13. e4 Nxd4 14. Nxd4 Bxd4 15. Rd1 Qc7 16. Be2 Bxc3+ 17. bxc3 Rc8 18. c4 Qc5 19. Qc3 f6 20. Bh5+ Qxh5 21. Qg3 Qf7 22. e5 Ba4 23. Rd6 O-O 24. O-O f5 25. h4 Bc6 26. Rfd1 Qe7 27. h5 Rfd8 28. c5 Rxd6 29. exd6 Qf6 30. d7 Rd8 31. Qc7 Qe7 32. h6 gxh6 33. Qg3+ Qg7 34. Qc7 Rxd7 35. Qc8+ Qf8 36. Qxf8+ Kxf8 37. Re1 Ke7 38. Kf2 Rd5 39. Rc1 a5 40. Ke3 a4 41. g4 h5 42. gxh5 f4+ 43. Kxf4 Rxh5 44. Rg1 Rf5+ 45. Ke3 Kf6 46. Kd4 Rd5+ 47. Kc4 Rg5 48. Rf1+ Ke7 49. Re1 Rg4+ 50. Kc3 h5 51. Re5 h4 52. Rh5 Rg7 53. Kb4 Kf7 54. Rh8 Kg6 55. Rxh4 Kf5 56. Rh5+ Rg5 57. Rh6 Rg4+ 58. Ka5 Rc4 59. Kb6 Rc3 60. Rh5+ Ke4 61. Rh4+ Kd5 62. Rh5+ Kd4 63. Rh4+ Kd3 64. Rh6 Kc2 65. Rxe6 Rxa3 66. Re2+ Kd3 67. Rh2 Rb3+ 68. Ka5 a3 69. Rh3+ Kc2 70. Rh2+ Kb1 71. Rh3 Rxh3 72. Kb6 a2 73. Kc7 a1=Q 0-1


[Site "https://www.chess.com"]

[Event "Titled Tuesday Blitz May 4 2021"]
[White "Garcia Garcia, Alejandro"]
[Black "Ozen, Bahadir"]
[WhiteFideId "3516334"]
[BlackFideId "6337058"]
[WhiteElo "2131"]
[BlackElo "2503"]
[Result "0-1"]
[Round "06"]
[TimeControl "180+1"]
[Date "2021.05.04"]
[WhiteClock "0:00:04"]
[BlackClock "0:00:17"]

1. Nf3 g6 2. g3 Bg7 3. Bg2 Nf6 4. O-O O-O 5. c4 d6 6. Nc3 c6 7. Rb1 d5 8. cxd5 cxd5 9. d4 Bf5 10. Ra1 Nc6 11. Ne5 Ne4 12. Nxc6 bxc6 13. f3 Nxc3 14. bxc3 Qa5 15. Bd2 Rab8 16. e4 Be6 17. Qc2 Rb6 18. Rab1 Rfb8 19. Rb3 dxe4 20. Rxb6 Qxb6 21. fxe4 Qb2 22. Rc1 Bxa2 23. Bf4 Qxc2 24. Rxc2 Rb1+ 25. Kf2 Bb3 26. Rc1 Rb2+ 27. Kg1 e5 28. dxe5 a5 29. Ra1 a4 30. Bf3 h6 31. h4 g5 32. hxg5 hxg5 33. Bxg5 Bxe5 34. Bc1 Rc2 35. Bd1 Rxc3 36. Bxb3 Rxb3 37. Rxa4 Rb1 0-1


[Site "https://www.chess.com"]

[Event "Titled Tuesday Blitz May 4 2021"]
[White "Gelman, Alexander"]
[Black "Nesterov, Arseniy"]
[WhiteFideId "4118316"]
[BlackFideId "24198455"]
[WhiteElo "2375"]
[BlackElo "2441"]
[Result "0-1"]
[Round "06"]
[TimeControl "180+1"]
[Date "2021.05.04"]
[WhiteClock "0:00:03"]
[BlackClock "0:00:01"]

1. d4 Nf6 2. Nc3 d5 3. Bf4 c5 4. e3 cxd4 5. exd4 a6 6. Nf3 Nc6 7. Ne5 Bd7 8. h4 e6 9. Rh3 Nxe5 10. dxe5 Ng8 11. h5 h6 12. Bd3 Qb6 13. Qd2 O-O-O 14. Kf1 Ne7 15. a4 Nc6 16. a5 Qc7 17. Na4 Kb8 18. Nb6 Bb4 19. c3 Bxa5 20. Nxd7+ Qxd7 21. b4 Bb6 22. b5 axb5 23. Bxb5 Kc7 24. Rd3 Qe7 25. c4 dxc4 26. Rd6 Ra8 27. Rc1 Rhd8 28. Rxc4 Ra5 29. Bxc6 Kb8 30. Bf3 Qh4 31. g3 Qh3+ 32. Bg2 Ra1+ 33. Rc1 Rxc1+ 34. Qxc1 Qxh5 35. Rxb6 Rd7 0-1


[Site "https://www.chess.com"]

[Event "Titled Tuesday Blitz May 4 2021"]
[White "Girish, A. Koushik"]
[Black "Lopez Gracia, Fernando"]
[WhiteFideId "5038448"]
[BlackFideId "2207184"]
[WhiteElo "2387"]
[BlackElo "2329"]
[Result "1-0"]
[Round "06"]
[TimeControl "180+1"]
[Date "2021.05.04"]
[WhiteClock "0:00:15"]
[BlackClock "0:00:10"]

1. d4 Nf6 2. Bg5 e6 3. e4 h6 4. Bxf6 Qxf6 5. Nc3 d6 6. Qd2 e5 7. Nf3 g6 8. Nd5 Qd8 9. dxe5 dxe5 10. Nxe5 Bg7 11. Qf4 O-O 12. O-O-O c6 13. Nc3 Qa5 14. Nc4 Qc5 15. e5 Be6 16. Ne4 Qb5 17. Nf6+ Kh8 18. Nd6 Qa5 19. Bc4 Bxc4 20. Qxc4 Bxf6 21. Nxf7+ Rxf7 22. Qxf7 Qxe5 23. c3 Na6 24. Rhe1 Qf4+ 25. Kb1 Qf5+ 26. Ka1 Rg8 27. Re8 Rxe8 28. Qxe8+ Kh7 29. Rd7+ Bg7 30. Qe7 1-0


[Site "https://www.chess.com"]

[Event "Titled Tuesday Blitz May 4 2021"]
[White "Gonzalez, Francisco Silva"]
[Black "Gritsenko, Nikolai"]
[WhiteFideId "1512285"]
[BlackFideId "14112493"]
[WhiteElo "2159"]
[BlackElo "2389"]
[Result "0-1"]
[Round "06"]
[TimeControl "180+1"]
[Date "2021.05.04"]
[WhiteClock "0:00:08"]
[BlackClock "0:00:05"]

1. d4 f6 2. e4 c6 3. d5 Na6 4. Bc4 b5 5. Bf1 Nc5 6. f3 a5 7. c4 b4 8. Be3 e5 9. Nd2 g6 10. Nh3 Nh6 11. Nf2 Nf7 12. Nd3 Nxd3+ 13. Bxd3 c5 14. h4 d6 15. Nf1 h5 16. Qd2 Bd7 17. Ng3 Qe7 18. Kf2 Bh6 19. Raf1 Bxe3+ 20. Qxe3 Kd8 21. Ke2 Kc7 22. Kd2 Rag8 23. Rf2 g5 24. hxg5 Rxg5 25. Ne2 h4 26. Rh2 f5 27. exf5 Bxf5 28. Bxf5 Rxf5 29. Qe4 Qd7 30. Qg4 Rg5 31. Qxd7+ Kxd7 32. Ke3 Nh6 33. Ke4 Nf5 34. Rh3 Ng3+ 35. Ke3 Nf5+ 36. Kd2 Rhg8 37. Rh2 a4 38. Kd3 Ke7 39. Ke4 Ng3+ 40. Kd3 Nf5 41. Kd2 Kf6 42. Kd3 R8g7 43. Ke4 Kg6 44. Kd3 Rf7 45. Rf1 Rh7 46. Rf2 Ng3 47. Ke3 Nxe2 48. Kxe2 Rf5 49. Ke3 Rf4 50. b3 axb3 51. axb3 Ra7 52. Rh1 Ra3 53. Rb2 Rxc4 54. Kd2 Rd4+ 55. Ke3 Kg5 56. g3 hxg3 57. Rh8 c4 58. Rg8+ Kf6 59. Rxg3 Rxb3+ 60. Rxb3 cxb3 61. Rg1 Rc4 62. Rb1 Rc3+ 63. Ke4 Ke7 64. f4 exf4 65. Kxf4 Kd7 66. Kf5 Re3 67. Kf6 Kc7 68. Rc1+ Kb6 69. Rc6+ Kb5 70. Rc1 b2 71. Rb1 Re2 72. Rd1 Ka4 0-1


[Site "https://www.chess.com"]

[Event "Titled Tuesday Blitz May 4 2021"]
[White "Gurevich, Dmitry"]
[Black "Valle Maytin, Luis Enrique"]
[WhiteFideId "2000407"]
[BlackFideId "3503666"]
[WhiteElo "2506"]
[BlackElo "2324"]
[Result "0-1"]
[Round "06"]
[TimeControl "180+1"]
[Date "2021.05.04"]
[WhiteClock "0:01:19"]
[BlackClock "0:00:23"]

1. Nf3 Nf6 2. c4 g6 3. Nc3 Bg7 4. e4 O-O 5. d4 d6 6. Be2 Nbd7 7. O-O e5 8. Be3 Re8 9. Qc2 a5 10. d5 Nc5 11. Nd2 b6 12. a3 Ncd7 13. b4 Bb7 14. c5 axb4 15. axb4 bxc5 16. bxc5 Nxc5 17. Bxc5 dxc5 18. Na4 Bf8 19. Nxc5 Bxc5 20. Qxc5 Qd6 21. Qxd6 cxd6 22. f3 Rxa1 23. Rxa1 Ra8 24. Rb1 Bc8 25. Bb5 Bd7 26. Bxd7 Nxd7 27. Nc4 Ra6 28. Rb8+ Nxb8 0-1


[Site "https://www.chess.com"]

[Event "Titled Tuesday Blitz May 4 2021"]
[White "Haessel, Dale R."]
[Black "Smith, Tom"]
[WhiteFideId "2012618"]
[BlackFideId "421820"]
[WhiteElo "2167"]
[BlackElo "2311"]
[Result "0-1"]
[Round "06"]
[TimeControl "180+1"]
[Date "2021.05.04"]
[WhiteClock "0:00:01"]
[BlackClock "0:00:04"]

1. d4 e6 2. c4 f5 3. g3 Nf6 4. Bg2 Be7 5. Nf3 d6 6. O-O O-O 7. Nc3 a5 8. b3 Qe8 9. Bb2 Bd8 10. Qc2 Nc6 11. e4 e5 12. dxe5 dxe5 13. exf5 Qh5 14. Nh4 Nd4 15. Qd1 Nxf5 16. Qxh5 Nxh5 17. Nxf5 Bxf5 18. Bxb7 Rb8 19. Bg2 Nf6 20. Rfe1 Re8 21. Rad1 e4 22. Nd5 a4 23. Bxf6 gxf6 24. b4 c6 25. Ne3 Bg6 26. a3 f5 27. c5 Bf6 28. Nc4 Re6 29. Rd7 Bg5 30. h4 Bh6 31. Red1 Be8 32. Rd8 Rxd8 33. Rxd8 Kf8 34. Nd6 Bg7 35. Bh3 Bb2 36. Bxf5 Re7 37. Rxe8+ Rxe8 38. Nxe8 Kxe8 39. Bxe4 Bxa3 40. Bxc6+ Kd8 41. Bxa4 Bxb4 42. c6 Bc5 43. Kg2 Kc7 44. f4 Kd6 45. Kf3 Bb6 46. g4 Ke6 47. f5+ Kf6 48. Kf4 Bc7+ 49. Ke4 h6 50. Bb3 Bg3 51. Be6 Bc7 0-1


[Site "https://www.chess.com"]

[Event "Titled Tuesday Blitz May 4 2021"]
[White "Harshavardhan G B"]
[Black "Ezat, Mohamed"]
[WhiteFideId "25059009"]
[BlackFideId "10600906"]
[WhiteElo "1825"]
[BlackElo "2417"]
[Result "0-1"]
[Round "06"]
[TimeControl "180+1"]
[Date "2021.05.04"]
[WhiteClock "0:00:08"]
[BlackClock "0:00:36"]

1. d4 Nf6 2. c4 g6 3. Nc3 Bg7 4. e4 d6 5. Nf3 O-O 6. Be2 e5 7. d5 a5 8. Bg5 Na6 9. Nd2 Qe8 10. h4 Nd7 11. h5 f6 12. Be3 f5 13. f3 f4 14. Bf2 g5 15. h6 Bf6 16. Qc2 Qg6 17. O-O-O Ndc5 18. g3 Kh8 19. Rdg1 Bd7 20. Qd1 Rg8 21. Nf1 Qf7 22. Nd2 Qe7 23. Nb3 b6 24. a3 Rg6 25. gxf4 exf4 26. Nd4 Qf8 27. Ndb5 Rxh6 28. Bd4 Rxh1 29. Rxh1 Kg7 30. Kb1 h6 31. Qg1 Qe7 32. Na2 Rh8 33. b4 axb4 34. axb4 Nxe4 35. fxe4 Qxe4+ 36. Ka1 Qxe2 37. Nac3 Qxc4 38. Bxf6+ Kxf6 39. Qe1 Bxb5 40. Nxb5 Qxd5 41. Nc3 Qe5 42. Qd2 Nxb4 43. Kb2 Ra8 44. Kb3 Nc6 45. Re1 Na5+ 46. Kc2 Qf5+ 47. Kd1 Nb3 48. Qb2 Ra1+ 49. Nb1+ Kg6 50. Ke2 Qe4+ 51. Kf1 Qh1+ 52. Kf2 Qh2+ 53. Kf3 Qxb2 54. Nd2 Nxd2+ 55. Kg4 Rxe1 56. Kh3 Rg1 57. Kh2 Nf3+ 58. Kh3 g4# 0-1


[Site "https://www.chess.com"]

[Event "Titled Tuesday Blitz May 4 2021"]
[White "Heinemann, Josefine"]
[Black "Jarovinsky, Alexey"]
[WhiteFideId "12900460"]
[BlackFideId "14115131"]
[WhiteElo "2300"]
[BlackElo "2446"]
[Result "0-1"]
[Round "06"]
[TimeControl "180+1"]
[Date "2021.05.04"]
[WhiteClock "0:00:07"]
[BlackClock "0:00:05"]

1. e4 c6 2. d4 d5 3. Nd2 dxe4 4. Nxe4 Nd7 5. Nf3 Ngf6 6. Ng3 e6 7. Bd3 c5 8. O-O Be7 9. h3 cxd4 10. Nxd4 Nc5 11. Bb5+ Bd7 12. Bf4 O-O 13. Bxd7 Qxd7 14. Nf3 Qb5 15. b3 Rfd8 16. Qc1 Rac8 17. c4 Qa6 18. Qe3 b5 19. cxb5 Qxb5 20. Be5 Nd5 21. Qe2 Qxe2 22. Nxe2 Nb4 23. Bc3 Nbd3 24. Rfd1 Ne4 25. Bd4 Ndc5 26. Ng3 Nxg3 27. fxg3 a6 28. Rac1 f6 29. Be3 Rxd1+ 30. Rxd1 e5 31. Rc1 Rc7 32. Kf1 Kf7 33. Ke2 Ke8 34. Nd2 Kd7 35. b4 Na4 36. Rxc7+ Kxc7 37. a3 Kc6 38. Kd3 Kd5 39. Bf2 f5 40. g4 e4+ 41. Ke3 Bg5+ 42. Ke2 Nc3+ 43. Ke1 e3 44. Bxe3 Bxe3 45. Nf3 fxg4 46. hxg4 Kc4 47. Ne5+ Kb3 48. Nc6 Kxa3 49. Nb8 Kxb4 50. Nxa6+ Kc4 51. Nc7 Bd4 52. Ne6 Kd5 53. Nf4+ Ke4 54. Nh5 h6 55. Kf1 Be5 56. Kf2 g6 57. Ng3+ Bxg3+ 58. Kxg3 0-1


[Site "https://www.chess.com"]

[Event "Titled Tuesday Blitz May 4 2021"]
[White "Hess, Robert"]
[Black "Xiong, Jeffery"]
[WhiteFideId "2022036"]
[BlackFideId "2047640"]
[WhiteElo "2557"]
[BlackElo "2724"]
[Result "0-1"]
[Round "06"]
[TimeControl "180+1"]
[Date "2021.05.04"]
[WhiteClock "0:00:08"]
[BlackClock "0:01:58"]

1. d4 Nf6 2. c4 c5 3. d5 b5 4. cxb5 a6 5. bxa6 g6 6. Nc3 Bxa6 7. Nf3 Bg7 8. g3 d6 9. Bg2 Nbd7 10. O-O O-O 11. Re1 Nb6 12. e4 Nfd7 13. Qc2 Nc4 14. b3 Qa5 15. bxc4 Qxc3 16. Qxc3 Bxc3 17. Bg5 f6 18. Bd2 Bxa1 19. Rxa1 Bxc4 20. a4 Rfb8 21. a5 Rb2 22. Bc3 Rc2 23. Be1 Rb8 24. Bh3 Ne5 25. Nxe5 fxe5 26. a6 Ra2 27. Rxa2 Bxa2 28. Be6+ Kf8 29. Ba5 Ra8 0-1


[Site "https://www.chess.com"]